AoeStats
← BottleDry

Arena

506222257Analyzed
4v4 RM · 20d ago on Sep 12, 2026· 38m 47s· 8 players
Game mode
Random Map
Map size
Large (8 player)
Population
200
Speed
Normal
Resources
Standard
Victory
Conquest
Starting age
Dark Age
Ending age
Imperial Age
RankedLock teamsTeams togetherTeam positionsShared explorationLock speedFull tech treeHidden civsTurbo modeCheats
Victory
Defeat
🇸🇰 Britons · Slovakia
989
+15
🇳🇱 Cumans · Netherlands
970
+16
🇹🇷 Franks · Türkiye
968
+16
🇹🇷 Khmer · Türkiye
933
+17
🇨🇦 Gurjaras · Canada
1028
-19
🇲🇽 Ethiopians · Mexico
974
-16
🇺🇸 Spanish · United States
938
-15
🇺🇸 Chinese · United States
926
-14
basvanhaalen
2:32 Loom
10:09 Feudal Age
11:32 Double-Bit Axe
14:01 Horse Collar
21:37 Castle Age
20:17 Gold Mining
20:18 Stone Mining
22:25 Pikeman
23:05 Squires
22:56 Pikeman
23:41 Squires
26:33 Bloodlines
28:41 Bow Saw
29:07 Gold Shaft Mining
30:03 Heavy Plow
30:23 Light Cavalry
34:32 Imperial Age
34:55 Halberdier
35:00 Hussar
36:35 Elite Steppe Lancer
tosunpaşa
10:12 Feudal Age
16:34 Castle Age
14:46 Double-Bit Axe
17:11 Wheelbarrow
18:31 Bow Saw
19:02 Town Watch
20:26 Loom
25:20 Stone Mining
25:28 Gold Mining
26:59 Hand Cart
27:56 Gold Shaft Mining
29:14 Husbandry
29:30 Town Patrol
33:47 Imperial Age
31:41 Scale Barding Armor
33:54 Cavalier
35:06 Conscription
35:22 Hoardings
35:08 #83
35:27 Chain Barding Armor
35:18 Forging
35:14 Caravan
35:51 Coinage
36:07 Chivalry
36:07 Paladin
38:51 Plate Barding Armor
38:52 Iron Casting
Nightman
11:59 Feudal Age
16:15 Castle Age
14:06 Horse Collar
14:14 Double-Bit Axe
14:25 Gold Mining
15:55 Stone Mining
16:59 Heavy Plow
17:13 Bow Saw
29:50 Imperial Age
34:14 Padded Archer Armor
34:26 Forging
34:52 Fletching
36:17 Bodkin Arrow
36:30 Scale Barding Armor
37:01 Iron Casting
36:57 Elite Ballista Elephant
38:24 Gold Shaft Mining
38:31 Crop Rotation
38:52 Wheelbarrow
38:03 Town Watch
38:43 Leather Archer Armor
38:29 Bracer
Kebab do ruky
10:37 Feudal Age
15:20 Castle Age
18:01 Horse Collar
25:14 Fletching
25:34 Forging
26:05 Wheelbarrow
25:15 Loom
26:03 Pikeman
26:47 Bodkin Arrow
30:30 Imperial Age
28:32 Padded Archer Armor
28:44 Heavy Plow
29:29 Scale Mail Armor
30:09 Double-Bit Axe
31:21 Leather Archer Armor
31:34 Conscription
31:18 Bracer
31:09 Town Watch
33:18 Ring Archer Armor
33:04 Chain Mail Armor
33:54 Ballistics
33:40 Siege Engineers
35:00 Yeomen
34:37 Halberdier
35:55 Iron Casting
35:18 Treadmill Crane
37:13 Plate Mail Armor
37:05 Hand Cart
37:15 Warwolf
38:32 Chemistry
38:06 Elite Longbowman
vince.dion123
11:20 Feudal Age
13:09 Loom
16:15 Castle Age
14:00 Horse Collar
14:14 Double-Bit Axe
22:32 Heavy Plow
29:59 Imperial Age
27:33 Stone Mining
29:10 Loom
30:01 Wheelbarrow
29:11 Town Watch
30:38 Bow Saw
32:22 Chemistry
32:09 Forging
32:00 Scale Mail Armor
31:56 Arson
32:25 Fervor
32:36 Sanctity
33:01 Gold Mining
33:46 Stone Shaft Mining
33:43 Crop Rotation
33:53 Iron Casting
34:32 Bloodlines
34:23 Husbandry
34:41 Chain Mail Armor
34:52 Conscription
34:51 Fortified Wall
34:37 Elite Chakram Thrower
35:35 Scale Barding Armor
34:58 Heavy Camel Rider
36:03 Frontier Guards
36:36 Ballistics
36:59 Gold Shaft Mining
37:59 Chain Barding Armor
38:10 Plate Mail Armor
39:15 Plate Barding Armor
BottleDry
4:55 Loom
11:31 Feudal Age
12:39 Double-Bit Axe
17:04 Castle Age
15:52 Stone Mining
17:05 Horse Collar
22:00 Heavy Plow
22:31 Bow Saw
28:22 Wheelbarrow
28:27 Padded Archer Armor
28:18 Fletching
29:24 Town Watch
30:52 Leather Archer Armor
30:33 Bodkin Arrow
31:00 Gold Mining
34:45 Imperial Age
32:11 Elite Skirmisher
34:58 Ballistics
36:32 Ring Archer Armor
36:02 Bracer
Gut Check
10:51 Feudal Age
11:46 Double-Bit Axe
13:58 Town Watch
15:11 Wheelbarrow
16:04 Forging
15:55 Scale Mail Armor
18:41 Castle Age
16:40 Horse Collar
17:44 Gold Mining
18:57 Fletching
19:37 Squires
20:30 Town Patrol
20:44 Bow Saw
22:31 Bodkin Arrow
23:02 Chain Mail Armor
23:42 Gold Shaft Mining
30:11 Iron Casting
29:38 Padded Archer Armor
33:01 Leather Archer Armor
34:49 Stone Mining
34:52 Pikeman
36:20 Hand Cart
Salgt27
10:51 Feudal Age
14:26 Castle Age
14:18 Double-Bit Axe
14:15 Horse Collar
16:05 Forging
17:18 Husbandry
18:27 Loom
24:03 Scale Barding Armor
30:21 Imperial Age
29:54 Iron Casting
30:06 Gold Mining
30:40 Heavy Camel Rider
32:24 Blast Furnace
32:16 Fletching
32:53 Padded Archer Armor
33:50 Bodkin Arrow
33:27 Elite Skirmisher
Connection lost

Rejoining the realm…

Still unreachable

The connection could not be restored.

Session expired

The server has moved on; the page needs a fresh start.